 Dungeon Crawl Stone Soup version 0.18.1-48-g4cf74bf (webtiles) character file.

24 djnw the Caller (level 2, -2/19 HPs)
             Began as a Mummy Summoner on Aug 22, 2016.
             Slain by an ooze (3 damage)
             ... on level 2 of the Dungeon.
             The game lasted 00:07:02 (1427 turns).

djnw the Caller (Mummy Summoner)                    Turns: 1427, Time: 00:07:03

Health: -2/19      AC:  2    Str: 11    XL:     2   Next: 79%
Magic:  1/5        EV: 12    Int: 14    God:
Gold:   50         SH:  0    Dex: 12    Spells: 2 memorised, 3 levels left

rFire  x . .     SeeInvis .     c - +1 dagger
rCold  + . .     Gourm    .     a - +0 robe
rNeg   + + +     Faith    .     (no shield)
rPois  ∞         Spirit   .     f - +0 hat
rElec  .         Dismiss  .     (no cloak)
rCorr  .         Reflect  .     (no gloves)
SustAt .         Harm     .     (no boots)
MR     .....                    (no amulet)
Stlth  ++........               (no ring)
                                (no ring)

@: very slightly contaminated, not resistant to hostile enchantments, unstealthy
A: no food or potions, fire vulnerability, cold resistance 1, negative energy
resistance 3, torment resistance, unbreathing
a: no special abilities


You were on level 2 of the Dungeon.
You were not hungry.

You visited 1 branch of the dungeon, and saw 2 of its levels.

You collected 50 gold pieces.

Inventory:

Hand Weapons
 c - a +1 dagger (weapon)
Armour
 a - a +0 robe (worn)
 f - a +0 hat (worn)
Books
 b - a book of Callings

   Spells                             Type                      Level
   a - Summon Small Mammal            Summoning                    1
   b - Call Imp                       Summoning                    2
   c - Call Canine Familiar           Summoning                    3
   d - Summon Guardian Golem          Hexes/Summoning              3
   e - Summon Lightning Spire         Summoning/Air                4
   f - Summon Ice Beast               Ice/Summoning                4


   Skills:
 - Level 1.5 Dodging
 - Level 1.5 Stealth
 + Level 2.6 Spellcasting
 + Level 3.6 Summonings


You had 3 spell levels left.
You knew the following spells:

 Your Spells              Type           Power        Failure   Level  Hunger
a - Summon Small Mammal   Summ           ##..         6%          1    N/A
b - Call Imp              Summ           ##......     10%         2    N/A

Dungeon Overview and Level Annotations

Branches:
Dungeon (2/15)

Altars:


Innate Abilities, Weirdness & Mutations

You do not eat or drink.
Your flesh is vulnerable to fire.
You are immune to poison.
Your flesh is cold resistant.
You are immune to negative energy.
You are immune to unholy pain and torment.
You can survive without breathing.


Message History

Your bat hits the ooze but does no damage.
Your bat hits the ooze.
Casting: Summon Small Mammal
Confirm with . or Enter, or press ? or * to list all spells.
You miscast Summon Small Mammal.
You are very lightly contaminated with residual magic.
Nothing appears to happen.
Your bat hits the ooze but does no damage.
The ooze hits you.
* * * LOW HITPOINT WARNING * * *
Your bat hits the ooze but does no damage.
Your bat hits the ooze but does no damage.
The ooze hits your bat.
Your bat hits the ooze.
Your bat hits the ooze but does no damage.
You hit the ooze.
The ooze is heavily wounded.
Your bat hits the ooze but does no damage.
The ooze hits you.
You die...

...#....# #.....###....#
........###...#........##
........##......##......#
........##..###.#.......#
!...............#.#.....#
........#....##.#.#.....#
...#.#.##....##.#.###'#..
# .....###...<.†#...#.###
#......#@J.b...)#.#.#...#
.......#......#...#.###.#
..##...#......###.#.....#
...............#.....#
.........######....##
......##.... #....#
......#...... #....#
...>..+...... #....#
#....#


You could see an ooze and a friendly bat.

Vanquished Creatures
  A giant cockroach (D:2)
  A goblin (D:2)
  3 hobgoblins
  5 bats
  2 rats (D:1)
12 creatures vanquished.

Vanquished Creatures (collateral kills)
  A worm (D:2)
  A dart slug (D:1)
  A giant gecko (D:1)
  3 goblins (D:1)
  A hobgoblin (D:1)
  A giant newt (D:2)
  2 kobolds (D:1)
  3 rats (D:2)
13 creatures vanquished.

Grand Total: 25 creatures vanquished

Notes
Turn   | Place    | Note
--------------------------------------------------------------
     0 | D:1      | djnw the Mummy Summoner began the quest for the Orb.
     0 | D:1      | Reached XP level 1. HP: 13/13 MP: 3/3
   463 | D:1      | Reached XP level 2. HP: 13/19 MP: 5/5
   970 | D:2      | Learned a level 2 spell: Call Imp
  1427 | D:2      | Slain by an ooze

Action                   || total
-------------------------++-------
Melee: Dagger            ||    65
       Unarmed           ||     1
 Cast: Summon Small Mamm ||    21
       Call Imp          ||     3
  Use: Scroll            ||     2
 Stab: Sleeping          ||     1
Armor: Robe              ||    19
Dodge: Dodged            ||    78
